 Dungeon Crawl Stone Soup version 0.17.0-28-g6e173f8 (webtiles) character file.

224 dohliylev the Covert (level 5, -3/38 HPs)
             Began as a Vampire Assassin on Dec 3, 2015.
             Was a Follower of Dithmenos.
             Slain by a wight
             ... wielding a +0 halberd
              (14 damage)
             ... on level 4 of the Dungeon.
             The game lasted 00:15:05 (4515 turns).

dohliylev the Covert (Vampire Assassin)             Turns: 4515, Time: 00:15:05

Health: -3/38      AC:  4    Str: 10    XL:     5   Next: 67%
Magic:  5/5        EV: 13    Int: 13    God:    Dithmenos [*.....]
Gold:   257        SH:  0    Dex: 17    Spells: 0 memorised, 4 levels left

rFire  . . .     SeeInvis +     a - +2 dagger
rCold  + + .     Clarity  .     c - +0 robe
rNeg   + + +     SustAt   .     (no shield)
rPois  ∞         Gourm    .     (no helmet)
rElec  .         Spirit   .     d - +0 cloak
rCorr  .         Warding  .     (no gloves)
rMut   .         Stasis   .     t - +0 pair of boots
MR     .....                    u - amulet of inaccuracy (curse)
Stlth  ++++++....               v - ring of positive energy
                                g - ring of positive energy

@: bloodless, non-regenerating, wreathed by umbra, not resistant to hostile
enchantments, very stealthy
A: fangs 3, see invisible, unbreathing
a: Bat Form, Renounce Religion


You were on level 4 of the Dungeon.
You worshipped Dithmenos.
Dithmenos was aware of your devotion.
You were bloodless.

You visited 2 branches of the dungeon, and saw 5 of its levels.

You collected 257 gold pieces.

Inventory:

Hand Weapons
 a - a +2 dagger (weapon)
 b - a +0 blowgun
Missiles
 e - 24 poisoned needles
 f - 2 curare-tipped needles
Armour
 c - a +0 robe (worn)
 d - a +0 cloak (worn)
 r - a +0 pair of boots
 t - a +0 pair of boots (worn)
 A - a +0 buckler
Jewellery
 g - a ring of positive energy (left hand)
 u - a cursed amulet of inaccuracy (around neck)
 v - a ring of positive energy (right hand)
Wands
 x - a wand of polymorph (2)
Scrolls
 h - a scroll of amnesia {unknown}
 l - 2 scrolls of identify
 m - 3 scrolls of recharging
 o - a scroll of fear {unknown}
 p - a scroll of enchant weapon {unknown}
 q - a scroll of magic mapping
 s - a scroll of remove curse {unknown}
 y - a scroll of teleportation {unknown}
Potions
 i - a potion of haste {unknown}
 j - 2 potions of brilliance {unknown}
 k - a potion of heal wounds {unknown}
 n - 2 potions of flight {unknown}
 w - 9 potions of blood
 z - a potion of cancellation {unknown}


   Skills:
 + Level 2.0 Fighting
 + Level 2.9 Short Blades
 + Level 2.2 Throwing
 + Level 3.1 Dodging
 + Level 8.5 Stealth


You had 4 spell levels left.
You didn't know any spells.

Dungeon Overview and Level Annotations

Branches:
Dungeon (4/15)             Temple (1/1) D:4

Altars:
Cheibriados
Dithmenos
Fedhas
Gozag
Makhleb
Nemelex Xobeh
Qazlal
Ru
Sif Muna
Vehumet
The Shining One
Jiyva


Innate Abilities, Weirdness & Mutations

You do not heal naturally.
You are immune to poison.
You have razor-sharp teeth.
You have supernaturally acute eyesight.
You can survive without breathing.


Message History

You hit the wight but do no damage.
The wight is heavily damaged.
The wight closely misses you.
You closely miss the wight. You bite the wight.
The wight is heavily damaged.
You barely miss the wight.
The wight is heavily damaged.
The wight misses you.
You closely miss the wight.
The wight is heavily damaged.
The wight closely misses you.
You hit the wight. You bite the wight.
The wight is severely damaged.
The wight closely misses you.
You hit the wight but do no damage.
The wight is severely damaged.
You hit the wight but do no damage.
The wight is severely damaged.
The wight hits you with a halberd!
You die...

##.##
##..##.......#######
#.##
#..#...###........##
.## #..#..##
#.........#### ##
#..#..# ##.........##..
#
#..#..###.........##..#
#.....##...##....###..#
#.........###......#...
#........####..........
#...##@..##...#####....
#..####z....### ##... #
##.# #....## ####
####### #.# #...#####
......## #.#
##..(...######z
.......## #.#
#####...z.....
...###..####.#
####...z## ...#
##..##..### #### #..#
##..#....###


You could see a wight.

Vanquished Creatures
  2 worker ants
  3 adders
  3 gnolls (D:3)
  2 oozes (D:3)
  An adder zombie (D:2)
  2 worms (D:3)
  An adder skeleton (D:2)
  2 giant geckos (D:2)
  11 orcs
  4 hobgoblins
  4 jackals (D:3)
  7 kobolds
  3 quokkas
  3 ball pythons
  12 bats
  5 giant cockroaches
  A giant gecko skeleton (D:2)
  A giant gecko zombie (D:2)
  8 giant newts
  11 goblins
  2 jackal skeletons
  A jackal zombie (D:2)
  2 quokka skeletons
  8 rats
99 creatures vanquished.

Notes
Turn   | Place    | Note
--------------------------------------------------------------
     0 | D:1      | dohliylev the Vampire Assassin began the quest for the Orb.
     0 | D:1      | Reached XP level 1. HP: 16/16 MP: 1/1
    20 | D:1      | Reached skill level 6 in Stealth
   138 | D:1      | Reached XP level 2. HP: 11/22 MP: 2/2
   763 | D:2      | Found a blossoming altar of Fedhas.
   806 | D:2      | Reached skill level 7 in Stealth
   864 | D:2      | Reached XP level 3. HP: 27/27 MP: 3/3
  1110 | D:2      | Reached XP level 4. HP: 25/33 MP: 4/4
  1196 | D:2      | Found a shadowy altar of Dithmenos.
  1208 | D:2      | Became a worshipper of Dithmenos the Shadowed
  1752 | D:3      | Reached skill level 8 in Stealth
  1829 | D:3      | HP: 1/33 [poisoned by a worker ant]
  2143 | D:3      | Reached XP level 5. HP: 38/38 MP: 5/5
  2550 | D:4      | Reached * piety under Dithmenos
  3881 | D:4      | Found a staircase to the Ecumenical Temple.
  4160 | Temple   | Entered the Ecumenical Temple
  4515 | D:4      | Slain by a wight

Action                   |  1- 3 |  4- 6 || total
-------------------------+-------+-------++-------
Melee: Dagger            |   142 |   168 ||   310
 Fire: Blowgun           |     1 |    35 ||    36
Throw: Tomahawk          |       |     8 ||     8
 Abil: End Transformatio |       |     2 ||     2
       Bat Form          |       |     2 ||     2
  Use: Potion            |       |     4 ||     4
       Scroll            |       |     2 ||     2
 Stab: Sleeping          |    19 |    13 ||    32
       Distracted        |       |     2 ||     2
  Eat: Corpse            |       |     1 ||     1
